 Dungeon Crawl Stone Soup version 0.18.1-50-g88ac8fd (webtiles) character file.

592 Gargoyl the Skirmisher (level 7, 0/56 HPs)
             Began as a Demonspawn Abyssal Knight on Oct 1, 2016.
             Was a Believer of Lugonu.
             Succumbed to an orc wizard's poison
             ... on level 6 of the Dungeon.
             The game lasted 00:04:57 (2277 turns).

Gargoyl the Skirmisher (Demonspawn Abyssal Knight)  Turns: 2277, Time: 00:04:58

Health: 0/56       AC: 13    Str: 15    XL:     7   Next: 16%
Magic:  10/10      EV:  5    Int: 13    God:    Lugonu [**....]
Gold:   146        SH:  0    Dex: 12    Spells: 0 memorised, 6 levels left

rFire  . . .     SeeInvis .     a - +1 hand axe
rCold  . . .     Gourm    .     e - +0 plate armour
rNeg   . . .     Faith    .     (no shield)
rPois  .         Spirit   .     (helmet restricted)
rElec  .         Dismiss  .     u - +0 cloak
rCorr  .         Reflect  .     (no gloves)
SustAt .         Harm     .     (no boots)
MR     .....                    (no amulet)
Stlth  ..........               (no ring)
                                n - +3 ring of slaying

@: lethally poisoned (0 -> -3), not resistant to hostile enchantments, extremely
unstealthy
A: claws 1, hooves 1, horns 1, nightstalker 1, spiny 2
a: Depart the Abyss, Bend Space, Renounce Religion


You were on level 6 of the Dungeon.
You worshipped Lugonu.
Lugonu was pleased with you.
You were hungry.

You visited 1 branch of the dungeon, and saw 4 of its levels.
You visited the Abyss 1 time.

You collected 146 gold pieces.

Inventory:

Hand Weapons
 a - a +1 hand axe (weapon)
Armour
 e - a +0 plate armour (worn)
 u - a +0 cloak (worn)
Jewellery
 n - a +3 ring of slaying (left claw)
Scrolls
 f - 2 scrolls of identify
 k - a scroll of teleportation {unknown}
 l - a scroll of enchant weapon {unknown}
 p - a scroll of fear {unknown}
 q - 2 scrolls of remove curse {unknown}
 r - a scroll of magic mapping {unknown}
 v - a scroll of noise {unknown}
Comestibles
 b - 2 chunks of flesh
 c - 2 bread rations
 d - 2 meat rations
 g - 10 fruits
 h - a slice of pizza
 m - a beef jerky


   Skills:
 + Level 5.0 Fighting
 + Level 3.0 Axes
 * Level 4.6 Armour
 + Level 1.8 Dodging
 * Level 4.4 Invocations


You had 6 spell levels left.
You didn't know any spells.

Dungeon Overview and Level Annotations

Branches:
Dungeon (3/15)

Altars:
Cheibriados
Pakellas
Sif Muna


Innate Abilities, Weirdness & Mutations

You have sharp fingernails.
You have large cloven feet.
You have a pair of small horns on your head.
You are slightly more attuned to the shadows.
You are mostly covered in sharp spines.


Message History

* * * LOW HITPOINT WARNING * * *
You feel sick.
Items here: ( )) [[[ †† Unknown command.
* * * LOW HITPOINT WARNING * * *
You feel sick.
Unknown command.
Unknown command.
* * * LOW HITPOINT WARNING * * *
You feel sick.
Unknown command.
* * * LOW HITPOINT WARNING * * *
You feel sick.
Unknown command.
* * * LOW HITPOINT WARNING * * *
You feel sick.
* * * LOW HITPOINT WARNING * * *
You feel sick.
Some of the chunks of flesh in your inventory have rotted away.
You die...

#.##.# #)##.#
#)##.#
######.##.#
........#.#
........#.# ..
........#.#
....######.##.#
......@....##.#
....#########.#
.. #.##### ....
#.....# ....
#####.# .....
#.# .....# #.#
...(.>######
#.# #.........#
#.#


There were no monsters in sight!

Vanquished Creatures
  Edmund (D:6)
  Menkaure (D:6)
  An orc warrior (D:6)
  An ogre (D:6)
  2 orc wizards (D:6)
  6 adders
  A worm (D:2)
  A dart slug (D:1)
  11 orcs
  A giant cockroach (D:6)
  4 goblins
  10 hobgoblins
  14 jackals
  6 bats
  3 giant newts
  5 kobolds
  A quokka zombie (D:6)
  9 rats
78 creatures vanquished.

Notes
Turn   | Place    | Note
--------------------------------------------------------------
     0 | Abyss:1  | Gargoyl the Demonspawn Abyssal Knight began the quest for the Orb.
     0 | Abyss:1  | Reached XP level 1. HP: 18/18 MP: 2/2
    67 | Abyss:3  | Noticed a neqoxec
    99 | Abyss:3  | Noticed a small abomination
   101 | D:1      | Escaped the Abyss
   170 | D:1      | Reached skill level 1 in Dodging
   204 | D:1      | Reached * piety under Lugonu
   254 | D:1      | Gained mutation: You are partially covered in sharp spines. [demonic ancestry]
   254 | D:1      | Reached XP level 2. HP: 24/24 MP: 3/3
   538 | D:1      | Found a snail-covered altar of Cheibriados.
   629 | D:1      | Gained mutation: You are mostly covered in sharp spines. [demonic ancestry]
   629 | D:1      | Reached XP level 3. HP: 29/29 MP: 5/5
  1164 | D:2      | Found an oddly glowing altar of Pakellas.
  1196 | D:2      | Reached ** piety under Lugonu
  1258 | D:2      | Gained mutation: You have large cloven feet. [demonic ancestry]
  1258 | D:2      | Reached XP level 4. HP: 37/37 MP: 6/6
  1310 | D:2      | Reached skill level 4 in Fighting
  1393 | D:2      | Found a faded altar to an unknown god.
  1528 | D:2      | Found a deep blue altar of Sif Muna.
  1833 | D:3      | You fall through a shaft for 3 floors!
  1833 | D:6      | Noticed Menkaure
  1839 | D:6      | Killed Menkaure
  1839 | D:6      | Gained mutation: You have a pair of small horns on your head. [demonic ancestry]
  1839 | D:6      | Reached XP level 5. HP: 17/43 MP: 7/7
  2043 | D:6      | Noticed an ogre
  2050 | D:6      | Killed an ogre
  2050 | D:6      | Gained mutation: You have sharp fingernails. [demonic ancestry]
  2050 | D:6      | Reached XP level 6. HP: 49/49 MP: 8/8
  2062 | D:6      | Noticed Edmund
  2070 | D:6      | Killed Edmund
  2215 | D:6      | Noticed an orc warrior
  2220 | D:6      | Gained mutation: You are weak. (Str -2) [potion of mutation]
  2220 | D:6      | Gained mutation: You occasionally shout uncontrollably at your foes. [potion of mutation]
  2221 | D:6      | Lost mutation: You occasionally shout uncontrollably at your foes. [potion of cure mutation]
  2221 | D:6      | Lost mutation: You are weak. (Str -2) [potion of cure mutation]
  2239 | D:6      | Killed an orc warrior
  2239 | D:6      | Reached skill level 5 in Fighting
  2239 | D:6      | Gained mutation: You are slightly more attuned to the shadows. [demonic ancestry]
  2239 | D:6      | Reached XP level 7. HP: 27/56 MP: 10/10
  2271 | D:6      | HP: 2/56 [poisoned by an orc wizard]
  2277 | D:6      | Succumbed to an orc wizard's poison

Skill      XL: |  1  2  3  4  5  6  7 |
---------------+----------------------+-----
Dodging        | 1 |  1.8
Axes           | 2 3 |  3.0
Armour         | 2 3 4 |  4.6
Invocations    | 3 4 |  4.4
Fighting       | 4 5 |  5.0

Action                   |  1- 3 |  4- 6 |  7- 9 || total
-------------------------+-------+-------+-------++-------
Melee: Hand axe          |    51 |    52 |    25 ||   128
       Kick              |       |    11 |       ||    11
       Headbutt          |       |     3 |       ||     3
Invok: Depart the Abyss  |     1 |       |       ||     1
  Use: Scroll            |     1 |     1 |       ||     2
       Potion            |       |     5 |     1 ||     6
  Eat: Chunk             |     1 |     3 |       ||     4
Armor: Plate armour      |    42 |    26 |     1 ||    69
       Skin              |       |     9 |    15 ||    24
Dodge: Dodged            |    11 |     8 |     4 ||    23
